 Dungeon Crawl Stone Soup version 0.30-a0-777-ga9a30cbeda (webtiles) character file.

Game seed: 1592895608322704202

852 Flugslaktarn the Cleaver (level 8, 0/71 HPs)
             Began as a Hill Orc Fighter on Feb 13, 2023.
             Slain by a hornet (12 damage)
             ... on level 5 of the Dungeon.
             The game lasted 00:02:25 (4124 turns).

Flugslaktarn the Cleaver (Hill Orc Fighter)         Turns: 4124, Time: 00:02:25

Health: 0/71       AC: 10    Str: 21    XL:     8   Next: 1%
Magic:  8/8        EV:  7    Int:  8    God:
Gold:   246        SH:  4    Dex: 10    Spells: 7/7 levels left

rFire   . . .      SeeInvis .    a - +0 war axe
rCold   + . .      Faith    .    w - +0 buckler
rNeg    . . .      Spirit   .    k - +0 chain mail
rPois   .          Reflect  .    (no helmet)
rElec   .          Harm     .    (no cloak)
rCorr   .          Rampage  .    (no gloves)
Will    .....                    (no boots) Stlth
                                 n - amulet of regeneration
HPRegen 1.11/turn                c - ring of protection from cold
MPRegen 0.11/turn                (no ring)

@: flying, slowed, very slow
A: no striking features
a: no special abilities


You were on level 5 of the Dungeon.
You visited 1 branch of the dungeon, and saw 5 of its levels.
You also visited: Ossuary.

You collected 493 gold pieces.
You spent 247 gold pieces at shops.

Inventory:

Hand Weapons
 a - a +0 war axe (weapon)
 t - a +0 battleaxe
   (You took it off Blork the orc on level 5 of the Dungeon)
Armour
 k - a +0 chain mail (worn)
   (You found it on level 1 of the Dungeon)
 w - a +0 buckler (worn)
Jewellery
 c - a ring of protection from cold (left hand)
   (You bought it in a shop on level 5 of the Dungeon)
 j - an amulet of faith
   (You found it on level 1 of the Dungeon)
 n - an amulet of regeneration (around neck)
   (You found it on level 4 of the Dungeon)
Wands
 r - a wand of iceblast (12)
   (You found it on level 5 of the Dungeon)
 v - a wand of flame (9)
   (You bought it in a shop on level 5 of the Dungeon)
Scrolls
 g - a scroll of butterflies
 m - a scroll of torment
 s - a scroll of enchant armour {unknown}
 u - a scroll of acquirement {unknown}
Potions
 d - 2 potions of might
 e - a potion of heal wounds {unknown}
 f - a potion of degeneration {unknown}
 h - a potion of brilliance {unknown}
 i - a potion of flight
 l - a potion of ambrosia {unknown}
 o - a potion of invisibility {unknown}
 p - a potion of berserk rage {unknown}
 q - 2 potions of curing
 x - a potion of haste {unknown}


   Skills:
 + Level 6.3 Fighting
 * Level 8.5 Axes
 + Level 5.7 Armour
 - Level 3.2 Shields


You had 7 spell levels left.
You didn't know any spells.
Your spell library was empty.

Dungeon Overview and Level Annotations

Branches:
Dungeon (5/15)            Ossuary (visited)
 Temple: D:4-7

Altars:
Qazlal
Sif Muna

Shops:
D:1 *   D:5 *


Message History

No target in view!
An ogre comes into view. It is wielding a +0 giant club.
The ogre shouts!
An ogre is nearby!
An ogre is nearby!
You barely miss the ogre. You block the ogre's attack.
You slash the ogre!
The ogre is heavily wounded.
You barely miss the ogre.
The ogre is heavily wounded.
The ogre hits you with a +0 giant club!
You closely miss the ogre.
The ogre is heavily wounded.
You block the ogre's attack.
You hit the ogre but do no damage.
The ogre is heavily wounded.
The ogre barely misses you.
You slash the ogre!
The ogre is almost dead.
You barely miss the ogre.
The ogre is almost dead.
The ogre hits you with a +0 giant club.
You slash the ogre!
You kill the ogre!
Your Axes skill increases to level 8!
You see here a +0 giant club.
Found 5 boomerangs.
A water moccasin comes into view.
The water moccasin moves out of view.
You now have 246 gold pieces (gained 10).
A water moccasin is nearby!
A water moccasin is nearby!
A white imp comes into view.
The white imp shouts, "Return whence thou came, thou baffled shard-borne whip-jack!"
You hear a bark!
The water moccasin barely misses you.
A white imp comes into view.
The water moccasin closely misses you.
A hound comes into view.
A hornet comes into view.
The hornet buzzes angrily.
You see here a sapphire potion.
The white imp shouts, "Leave, thou pecksniffian wibble-sucking vulture!"
You hit the water moccasin.
The water moccasin is lightly wounded.
You hear a bark!
A hound comes into view.
The water moccasin bites you.
The hound moves out of view.
You slice the water moccasin!!
The water moccasin is severely wounded.
The water moccasin bites you but does no damage. x2
You miss the water moccasin.
The water moccasin is severely wounded.
The water moccasin bites you. The hornet stings you.
You suddenly lose the ability to move!
The water moccasin bites you.
You are poisoned.
The water moccasin poisons you! The hornet stings you.
You are more poisoned.
You feel yourself slow down.
The water moccasin bites you but does no damage.
You feel very sick. The hornet stings you!
You feel as though you will be slow longer.
The hound bites you but does no damage. The water moccasin bites you.
The hornet stings you.
You feel as though you will be slow longer.
The hound bites you.
You can move again.
You slash the water moccasin!
You kill the water moccasin!
You slash the hound! You barely miss the hornet.
You feel extremely sick. The hornet barely misses you.
The hound barely misses you. The hound bites you but does no damage.
The hornet closely misses you. You block the hound's attack.
The white imp hits you but does no damage.
The hound barely misses you.
You have reached level 8!
As you read the scroll of fear, it crumbles to dust.
You assume a fearsome visage.
The white imp looks frightened!
The hornet looks frightened!
The white imp looks frightened!
The hound looks frightened! x2
You feel very sick.
Unknown command.
You feel very sick.
Cornered, the hornet turns to fight!
Cornered, the hound turns to fight!
You feel sick.
You feel sick. The hornet stings you!
* * * LOW HITPOINT WARNING * * *
You feel as though you will be slow longer.
You feel better. The hornet stings you!
You feel as though you will be slow longer.
The hornet stings you!
* * * LOW HITPOINT WARNING * * *
You feel as though you will be slow longer.
It was a potion of flight.
You feel very buoyant.
You fly up into the air.
The hornet completely misses you. The hornet stings you!
You die...

##..##.###.### .##
##...
#.#..8..#.......#
##... #.#.....#...
.... #...##
#).8.8.8.........
#....###.#.....#. ...
.........#..8..# ...
...###[#####.#####.###
...#.....#.....#.....#
...#..⌠..#.(...#@.#
##...⌠⌠h....$..y.##
.#.#..⌠..#.).!.#..#
...#.....#...†.#.....
##.###.#####.#####.###
# ...... .... ... #
... #... .... # ..
..... .... # 5#... #..


You could see a hornet.

Vanquished Creatures
  Grinder (D:5)
  A water moccasin (D:5)
  An ogre (D:5)
  Blork the orc (D:5)
  An elf zombie (Ossuary)
  A howler monkey (D:4)
  2 hounds (D:5)
  A jelly (D:5)
  A human zombie (Ossuary)
  An orc priest (D:3)
  An orc wizard (D:3)
  2 mummies (Ossuary)
  3 gnolls (D:2)
  A worm (D:4)
  2 dart slugs
  3 orcs (D:3)
  8 bats
  3 endoplasms
  3 giant cockroaches
  4 gnoll zombies (Ossuary)
  6 goblins
  6 hobgoblins
  6 kobolds
  6 quokkas
  4 ball pythons
  2 frilled lizards (D:1)
  3 goblin zombies (Ossuary)
  4 hobgoblin zombies (Ossuary)
  An orc zombie (Ossuary)
  5 rats
84 creatures vanquished.

Vanquished Creatures (others)
  2 fungi (D:3)
  3 plants (D:3)
5 creatures vanquished.

Grand Total: 89 creatures vanquished

Notes
Turn   | Place    | Note
-------+----------+-------------------------------------------
     0 | D:1      | Flugslaktarn the Hill Orc Fighter began the quest for the
                  | Orb.
     0 | D:1      | Reached XP level 1. HP: 19/19 MP: 1/1
    48 | D:1      | Reached skill level 3 in Axes
   161 | D:1      | Reached XP level 2. HP: 22/27 MP: 2/2
   399 | D:1      | Reached XP level 3. HP: 27/33 MP: 3/3
   526 | D:1      | Found Laluamyu's Assorted Antiques.
  1222 | D:2      | Reached skill level 4 in Axes
  1260 | D:2      | Reached XP level 4. HP: 10/40 MP: 4/4
  1701 | D:3      | Reached skill level 5 in Axes
  1701 | D:3      | Reached XP level 5. HP: 19/47 MP: 5/5
  1888 | D:3      | Found a faded altar of an unknown god.
  2744 | D:4      | Found a stormy altar of Qazlal.
  2827 | D:4      | Found a sand-covered staircase.
  2834 | Ossuary  | Entered an ossuary
  2894 | Ossuary  | Reached skill level 5 in Fighting
  2894 | Ossuary  | Reached skill level 6 in Axes
  2894 | Ossuary  | Reached XP level 6. HP: 41/56 MP: 6/6
  3446 | D:4      | Found a shimmering blue altar of Sif Muna.
  3770 | D:5      | Entered Level 5 of the Dungeon
  3820 | D:5      | Reached skill level 5 in Armour
  3834 | D:5      | Noticed Grinder
  3840 | D:5      | Killed Grinder
  3841 | D:5      | Reached skill level 7 in Axes
  3841 | D:5      | Reached XP level 7. HP: 57/62 MP: 7/7
  3866 | D:5      | Noticed Blork the orc
  3877 | D:5      | Killed Blork the orc
  3995 | D:5      | Found Limerchu's Assorted Antiques.
  4006 | D:5      | Bought a jewelled ivory wand for 92 gold pieces
  4006 | D:5      | Bought a bone ring for 115 gold pieces
  4006 | D:5      | Bought a metallic blue potion for 20 gold pieces
  4006 | D:5      | Bought a golden potion for 20 gold pieces
  4082 | D:5      | Identified the +0 leather armour of the Green God {Int+2}
  4093 | D:5      | Reached skill level 8 in Axes
  4112 | D:5      | Noticed a hornet
  4115 | D:5      | Paralysed by a hornet for 3 turns
  4119 | D:5      | Reached XP level 8. HP: 32/71 MP: 8/8
  4124 | D:5      | Slain by a hornet

Illustrated notes

Levels and vault maps discovered:
D:1:      scummos_arrival_gate, layout_loops_ring, serial_shops,
          nicolae_shop_crystal, chequers_serial_rivers_micro_b, minivault_24
D:2:      layout_rooms, kennysheep_generic_room_13
D:3:      layout_loops_corners, shapermc_ecumenical_altar_mp_ritualfount
D:4:      layout_basic, nicolae_overflow_crystal_walls,
          overflow_temple_1_default, chequers_ossuary_entry_cave,
          minmay_misc_feat_pillars
D:5:      layout_cave_pods, serial_shops, nicolae_square_shop,
          grunt_decor_junction, minmay_chambers_of_fives, uniq_blork_the_orc,
          uniq_grinder

Skill      XL: |  1  2  3  4  5  6  7 |
---------------+----------------------+-----
Axes           | 3 4 5 6 7 8 |  8.5
Fighting       | 4 5 6 |  6.3
Armour         | 4 5 |  5.7
Shields        | |  3.2

Action                     |  1- 3 |  4- 6 |  7- 9 || total
---------------------------+-------+-------+-------++-------
  Melee: War axe           |    92 |   146 |    20 ||   258
    Use: Scroll            |       |     3 |     1 ||     4
         Potion            |       |     2 |     2 ||     4
 Armour: Scale mail        |    24 |       |       ||    24
         Chain mail        |    42 |    83 |     6 ||   131
  Dodge: Dodged            |    56 |    38 |    10 ||   104
  Block: Buckler           |    18 |    33 |     5 ||    56

Table legend: (Time is in decaauts)
 A = Elapsed time spent in this place.
 B = Non-inter-level travel time spent in this place.
 C = Inter-level travel time spent in this place.
 D = Time resting spent in this place.
 E = Time spent auto-exploring this place.
 F = Levels seen in this place.
 G = Mean time per level.
                   A        B        C        D        E       F      G
               +--------+--------+--------+--------+--------+-----+--------+
         Total |   4201 |   3953 |    248 |    281 |   2951 |   6 |  700.2 |
       Dungeon |   3971 |   3723 |    248 |    281 |   2808 |   5 |  794.2 |
       Ossuary |    230 |    230 |      0 |      0 |    143 |   1 |  230.0 |
               +--------+--------+--------+--------+--------+-----+--------+

Top non-repeatable levels by time:
     D:1: 1093 daAuts
     D:3: 1051 daAuts
     D:4: 894 daAuts
     D:2: 568 daAuts
     D:5: 363 daAuts
 Ossuary: 230 daAuts
